 Dungeon Crawl Stone Soup version 0.30-a0-1116-gebefce21f7 (webtiles) character file.

Game seed: 9415784273949376954

305 qeuew the Covered (level 6, -3/45 HPs)
             Began as a Gargoyle Fighter on Apr 21, 2023.
             Slain by an ogre
             ... wielding a +0 giant spiked club
              (12 damage)
             ... on level 4 of the Dungeon.
             The game lasted 00:03:57 (2827 turns).

qeuew the Covered (Gargoyle Fighter)                Turns: 2827, Time: 00:03:57

Health: -3/45      AC: 13    Str: 19    XL:     6   Next: 39%
Magic:  6/6        EV: 10    Int:  9    God:
Gold:   172        SH:  5    Dex:  9    Spells: 5/5 levels left

rFire   . . .      SeeInvis .    g - +0 flail (holy)
rCold   . . .      Faith    .    c - +0 buckler
rNeg    + . .      Spirit   .    b - +1 scale mail
rPois   ∞          Reflect  .    (no helmet)
rElec   +          Rampage  .    (no cloak)
rCorr   .                        (no gloves)
Will    .....                    (no boots) Stlth
                                 (no amulet)
HPRegen 0.00/turn                (no ring)
MPRegen 0.10/turn                (no ring)

@: brilliant, inhibited regen
A: sickness immunity, AC +4, negative energy resistance 1, electricity
resistance, torment resistance 1, petrification resistance, clumsy 1, robust 1,
inhibited regeneration
a: no special abilities


You were on level 4 of the Dungeon.
You visited 1 branch of the dungeon, and saw 4 of its levels.

You collected 172 gold pieces.

Inventory:

Hand Weapons
 g - a +0 flail of holy wrath (weapon)
Missiles
 j - a throwing net (quivered)
 k - 6 javelins
Armour
 b - a +1 scale mail (worn)
 c - a +0 buckler (worn)
Wands
 n - a wand of charming (3)
Scrolls
 e - a scroll of teleportation
 h - a scroll of amnesia
 l - 3 scrolls of fear
Potions
 a - a potion of curing
 d - a potion of might
 i - a potion of haste


   Skills:
 + Level 5.8 Fighting
 * Level 6.5 Maces & Flails
 + Level 3.5 Throwing
 * Level 7.5 Armour
 + Level 3.3 Dodging
 + Level 5.7 Shields


You had 5 spell levels left.
You didn't know any spells.
Your spell library was empty.

Dungeon Overview and Level Annotations

Branches:
Dungeon (4/15)
 Temple: D:4-7

Altars:
Makhleb

Shops:
D:1 [


Innate Abilities, Weirdness & Mutations

You are immune to sickness and miasma.
Your stone body is resilient. (AC +4)
You are immune to poison.
You resist negative energy. (rN+)
You are resistant to electric shocks. (rElec)
You are resistant to unholy torment.
You are immune to petrification.
You are clumsy. (Dex -2)
You are robust. (+10% HP)
You do not regenerate when monsters are visible.


Message History

There is a stone staircase leading up here.
Okay, then.
Found 4 stones.
e - a scroll of teleportation
Found a ring mail.
You see here a +0 ring mail.
Found an escape hatch in the floor.
A hobgoblin comes into view.
The hobgoblin shouts!
A hound comes into view.
The hound barks!
You hear a shout!
Found 15 gold pieces.
The hound completely misses you. The hound bites you but does no damage.
You sock the hound!
The hound is heavily wounded.
The hound bites you but does no damage. You block the hobgoblin's attack.
You sock the hound!
You kill the hound!
An ogre comes into view. It is wielding a +0 giant spiked club.
The hobgoblin barely misses you.
You hit the hobgoblin but do no damage. You block the hobgoblin's attack.
You sock the hobgoblin!
You kill the hobgoblin!
You hit the ogre but do no damage.
The ogre hits you with a +0 giant spiked club!!
You sock the ogre!
The ogre is heavily wounded.
The ogre hits you with a +0 giant spiked club!
* * * LOW HITPOINT WARNING * * *
You are too injured to fight recklessly!
You are too injured to fight recklessly!
You are too injured to fight recklessly!
An ogre is nearby!
You are too injured to fight recklessly!
You hit the ogre.
The ogre is heavily wounded.
You barely miss the ogre.
The ogre is heavily wounded.
The ogre hits you with a +0 giant spiked club!
You die...

.####.###.[.### #####
.##..(......... .....
.##............
.....####.##............
..........##............
........................
...$.....###............
.........#>........#####
......O@.#.##......#
...........##.....^#
###......†..#......#
#.........#......#
#.........#......#
#.........#......#
#.........#......#
#.........#......#
##........#


You could see an ogre.

Vanquished Creatures
  A hound (D:4)
  Ijyb (D:3)
  An orc wizard (D:3)
  4 gnolls (D:3)
  2 adders (D:2)
  A worm (D:2)
  2 dart slugs
  2 orcs (D:3)
  9 bats
  8 endoplasms
  12 goblins
  5 hobgoblins
  9 jackals
  A quokka (D:1)
  6 ball pythons
  A frilled lizard (D:3)
  11 kobolds
  6 rats
82 creatures vanquished.

Notes
Turn   | Place    | Note
-------+----------+-------------------------------------------
     0 | D:1      | qeuew the Gargoyle Fighter began the quest for the Orb.
     0 | D:1      | Reached XP level 1. HP: 14/14 MP: 1/1
    69 | D:1      | Reached XP level 2. HP: 15/19 MP: 2/2
   318 | D:1      | Found Senegotz's Armour Shoppe.
   354 | D:1      | Reached XP level 3. HP: 22/23 MP: 3/3
   705 | D:1      | Found a faded altar of an unknown god.
  1058 | D:2      | Reached XP level 4. HP: 28/28 MP: 4/4
  1573 | D:2      | Reached skill level 5 in Fighting
  1573 | D:2      | Reached skill level 7 in Armour
  1573 | D:2      | Reached skill level 5 in Shields
  1573 | D:2      | Reached XP level 5. HP: 36/36 MP: 5/5
  1574 | D:2      | Gained mutation: You have large cloven feet. [potion of
                  | mutation]
  1574 | D:2      | Gained mutation: You are clumsy. (Dex -2) [potion of
                  | mutation]
  1574 | D:2      | Gained mutation: You have a pair of small antennae on your
                  | head. [potion of mutation]
  1575 | D:2      | Lost mutation: You have large cloven feet. [potion of
                  | mutation]
  1575 | D:2      | Lost mutation: You have a pair of small antennae on your
                  | head. [potion of mutation]
  1575 | D:2      | Lost mutation: You are clumsy. (Dex -2) [potion of
                  | mutation]
  1575 | D:2      | Gained mutation: You are clumsy. (Dex -2) [potion of
                  | mutation]
  1575 | D:2      | Gained mutation: You are robust. (+10% HP) [potion of
                  | mutation]
  1575 | D:2      | Gained mutation: You do not regenerate when monsters are
                  | visible. [potion of mutation]
  1855 | D:3      | Found a burning altar of Makhleb.
  1941 | D:3      | Reached XP level 6. HP: 44/45 MP: 6/6
  2126 | D:3      | Noticed Ijyb
  2159 | D:3      | Killed Ijyb
  2827 | D:4      | Slain by an ogre

Illustrated notes

Levels and vault maps discovered:
D:1:      saegor_arrival_simple_b, layout_rooms,
          hellmonk_ecumenical_altar_inner_sanctum, serial_shops,
          nicolae_shop_real_fake_doors, minmay_nonomino_d4
D:2:      layout_loops_ring, corexii_corridor_pit, kennysheep_big_empty_room,
          minmay_misc_feat_chi
D:3:      kennysheep_goblin_castle, layout_basic, mainiacjoe_overflow_boulevard
D:4:      layout_basic, nicolae_ru_the_path_less_chosen, serial_shops, shop,
          gup_sewer_entry_bowl, uniq_eustachio

Skill      XL: |  1  2  3  4 |
---------------+-------------+-----
Fighting       | 5 |  5.8
Maces & Flails | 6 |  6.5
Throwing       | 3 |  3.5
Armour         | 7 |  7.5
Dodging        | 3 |  3.3
Shields        | 5 |  5.7

Action                     |  1- 3 |  4- 6 || total
---------------------------+-------+-------++-------
  Melee: Flail             |   141 |   127 ||   268
    Use: Potion            |     4 |     4 ||     8
         Scroll            |     1 |     8 ||     9
 Armour: Scale mail        |   112 |    78 ||   190
  Dodge: Dodged            |    83 |    77 ||   160
  Block: Buckler           |    33 |    27 ||    60

Table legend: (Time is in decaauts)
 A = Elapsed time spent in this place.
 B = Non-inter-level travel time spent in this place.
 C = Inter-level travel time spent in this place.
 D = Time resting spent in this place.
 E = Time spent auto-exploring this place.
 F = Levels seen in this place.
 G = Mean time per level.
                   A        B        C        D        E       F      G
               +--------+--------+--------+--------+--------+-----+--------+
         Total |   2878 |   2763 |    115 |     42 |   2088 |   4 |  719.5 |
       Dungeon |   2878 |   2763 |    115 |     42 |   2088 |   4 |  719.5 |
               +--------+--------+--------+--------+--------+-----+--------+

Top non-repeatable levels by time:
     D:3: 1170 daAuts
     D:2: 836 daAuts
     D:1: 830 daAuts
     D:4: 40 daAuts
